AoeStats
← GORGORY

Arena

510095761Analyzed
1v1 RM · 2d ago on Sep 29, 2026· 41m 13s· 2 players
Game mode
Random Map
Map size
Tiny (2 player)
Population
200
Speed
Normal
Resources
Standard
Victory
Conquest
Starting age
Dark Age
Ending age
Imperial Age
RankedLock teamsTeams togetherTeam positionsShared explorationLock speedFull tech treeHidden civsTurbo modeCheats
Victory
Defeat
🇦🇷 Ethiopians · Argentina
945
+15
🇨🇱 Spanish · Chile
914
-15
Pif
10:14 Feudal Age
9:19 Loom
14:30 Castle Age
13:03 Double-Bit Axe
15:15 Town Watch
25:24 Fletching
29:21 Bodkin Arrow
29:28 Town Patrol
30:07 Wheelbarrow
29:48 Bow Saw
29:24 Horse Collar
29:54 Inquisition
34:38 Pikeman
36:19 Scale Barding Armor
36:31 Squires
36:23 Arson
36:54 Bloodlines
36:49 Husbandry
GORGORY
5:40 Loom
9:12 Feudal Age
9:38 Double-Bit Axe
9:34 Horse Collar
13:31 Wheelbarrow
17:11 Castle Age
15:55 Stone Mining
16:23 Gold Mining
20:40 Fervor
21:23 Heavy Plow
24:41 Bow Saw
25:47 Squires
25:33 Arson
25:53 Scale Mail Armor
26:35 Forging
25:57 Crossbowman
26:57 Fletching
27:07 Padded Archer Armor
27:08 Town Watch
28:36 Thumb Ring
29:09 Bodkin Arrow
29:29 Leather Archer Armor
29:27 Forging
31:01 Ballistics
30:37 Murder Holes
33:56 Gold Shaft Mining
33:56 Stone Shaft Mining
33:35 Royal Heirs
36:18 Chain Mail Armor
36:38 Iron Casting
43:10 Imperial Age
40:57 Hand Cart
40:43 Town Patrol
41:46 Royal Heirs
Connection lost

Rejoining the realm…

Still unreachable

The connection could not be restored.

Session expired

The server has moved on; the page needs a fresh start.